 Dungeon Crawl Stone Soup version 0.16.1-28-gcc2312f (webtiles) character file.

1434 angrylion the Shield-Bearer (level 8, 0/52 HPs)
             Began as a Gargoyle Fighter on May 23, 2015.
             Killed by nerve-wracking pain
             ... invoked by an orc priest
              (14 damage)
             ... on level 5 of the Dungeon.
             The game lasted 00:48:52 (6146 turns).

angrylion the Shield-Bearer (Gargoyle Fighter)      Turns: 6146, Time: 00:48:52

Health: 0/52       AC: 24    Str: 22    XL:     8   Next: 73%
Magic:  8/8        EV:  5    Int:  9    God:
Gold:   185        SH: 10    Dex:  9    Spells: 0 memorised, 7 levels left

rFire  . . .     SeeInvis .     e - +0 flail (protect)
rCold  . . .     Clarity  .     n - +0 plate armour
rNeg   + + .     SustAb   .     c - +0 shield
rPois  ∞         Gourm    .     (no helmet)
rElec  +         Spirit   .     (no cloak)
rCorr  .         Warding  .     o - +0 pair of gloves
rMut   .         Stasis   .     (no boots)
MR     .....                    (no amulet)
Stlth  ..........               (no ring)
                                m - ring of positive energy

@: not resistant to hostile enchantments, extremely unstealthy
A: negative energy resistance 1, electricity resistance, unbreathing,
petrification resistance, rot immunity, AC +5
a: no special abilities


You were on level 5 of the Dungeon.
You were not hungry.

You visited 2 branches of the dungeon, and saw 6 of its levels.
You also visited: Sewer.

You collected 185 gold pieces.

Inventory:

Hand weapons
 e - a +0 flail of protection (weapon)
Missiles
 f - 117 stones
 E - 2 javelins (quivered)
 G - a throwing net
Armour
 a - the +0 buckler of Pantheism {+Inv rF+ Regen+ Str+2 Dex-5 SInv}
   (You found it on level 4 of the Dungeon)

   It affects your strength (+2).
   It affects your dexterity (-5).
   It protects you from fire.
   It enhances your eyesight.
   It lets you turn invisible.
   It increases your rate of regeneration.
 c - a +0 shield (worn)
 n - a +0 plate armour (worn)
 o - a +0 pair of gloves (worn)
Jewellery
 m - a ring of positive energy (left hand)
Magical devices
 p - a wand of magic darts (0)
Scrolls
 b - a scroll of immolation {unknown}
 h - 2 scrolls of blinking {unknown}
 j - 4 scrolls of remove curse
 r - 2 scrolls of amnesia {unknown}
 t - 2 scrolls of magic mapping {unknown}
 w - 2 scrolls of enchant armour {unknown}
 y - a scroll of fear {unknown}
 z - a scroll of fog {unknown}
 F - a scroll of random uselessness {unknown}
Potions
 g - a potion of cancellation
 l - a potion of resistance
 q - 6 potions of heal wounds
 s - 2 potions of magic {unknown}
 u - 3 potions of curing
 v - 3 potions of flight {unknown}
 x - a potion of might
 D - a potion of agility {unknown}
Comestibles
 d - 5 bread rations
 i - 2 meat rations
 k - a slice of pizza
 A - a beef jerky
 B - 3 chunks of flesh


   Skills:
 * Level 6.4 Fighting
 + Level 4.8 Maces & Flails
 + Level 2.1 Throwing
 + Level 5.7 Armour
 + Level 2.4 Dodging
 + Level 6.5 Shields
 + Level 0.6 Evocations


You had 7 spell levels left.
You didn't know any spells.

Dungeon Overview and Level Annotations

Branches:
Dungeon (5/15)             Temple (1/1) D:5

Altars:
Ashenzari
Cheibriados
Dithmenos
Elyvilon
Fedhas
Gozag
Kikubaaqudgha
Makhleb
Nemelex Xobeh
Qazlal
Ru
Sif Muna
Trog
Vehumet
Xom
Zin
The Shining One


Innate Abilities, Weirdness & Mutations

You are resistant to torment.
You are immune to poison.
Your stone body is very resilient (AC +5).
You resist negative energy.
You are resistant to electric shocks.
You can survive without breathing.
You are immune to petrification.
You are immune to rotting.


Message History

You kill the orc priest!
The bat hits you but does no damage. You block the orc's attack.
You block the bat's attack. The orc hits you but does no damage.
You barely miss the orc priest. You block the bat's attack.
You block the orc priest's attack. You block the orc's attack.
You hit the orc priest.
The orc priest is moderately wounded.
The bat completely misses you. The orc priest hits you with a club.
* * * LOW HITPOINT WARNING * * *
You block the orc's attack.
You hit the orc priest but do no damage.
The orc priest is moderately wounded.
The bat hits you but does no damage. You block the orc priest's attack.
The orc hits you but does no damage.
You hit the orc priest.
The orc priest is heavily wounded.
You block the bat's attack. x2
The orc priest invokes the aid of Beogh against you.
Pain shoots through your body!
You die...

#.÷.......# ####
#####.........########
#.....................
#.....................
#.....#######.........
########.....# #.........
#....÷.......#######.........
#...........b.$....#.........
#......[.###@).....#.........
#........# #oo........#######
#........# #.(........#
#........# ...........
#........# ...(.....
#........#.?..(....
......#........ #....... ...


You could see an orc priest, an orc and a bat.

Vanquished Creatures
  Edmund (D:4)
  An ice beast (D:5)
  An ogre (D:5)
  2 phantoms
  3 big kobolds (Sewer)
  A crimson imp (D:5)
  A centaur zombie (D:4)
  A gnoll shaman (D:5)
  A hound (D:5)
  4 orc priests
  A quasit (D:5)
  3 orc wizards (D:3)
  A worker ant (D:5)
  A hound zombie (D:4)
  2 worker ant zombies (D:4)
  4 gnolls
  8 adders
  4 river rats (Sewer)
  2 giant mites
  A worm (D:4)
  3 adder zombies (D:4)
  5 giant geckos
  An ooze (Sewer)
  13 orcs
  3 bat zombies (D:4)
  4 giant cockroaches
  10 hobgoblins
  5 jackals
  A quokka (D:3)
  10 ball pythons
  8 bats
  2 giant cockroach zombies
  2 giant newts
  8 goblins
  27 kobolds
  A quokka skeleton (D:4)
  2 quokka zombies
  40 rats
188 creatures vanquished.

Vanquished Creatures (others)
  4 toadstools (D:1)
4 creatures vanquished.

Grand Total: 192 creatures vanquished

Notes
Turn   | Place    | Note
--------------------------------------------------------------
     0 | D:1      | angrylion, the Gargoyle Fighter, began the quest for the Orb.
     0 | D:1      | Reached XP level 1. HP: 14/14 MP: 1/1
   103 | D:1      | Reached XP level 2. HP: 19/19 MP: 2/2
   431 | D:1      | Reached XP level 3. HP: 23/23 MP: 3/3
   916 | D:2      | Found a white marble altar of Elyvilon.
   968 | D:2      | Reached skill level 4 in Shields
  1153 | D:2      | Reached XP level 4. HP: 29/29 MP: 4/4
  2013 | D:2      | Reached XP level 5. HP: 30/34 MP: 5/5
  2139 | D:3      | Found a shadowy altar of Dithmenos.
  2329 | D:3      | Paralysed by a kobold for 2 turns
  2354 | D:3      | Found a glowing silver altar of Zin.
  2603 | D:4      | Noticed a phantom
  2670 | D:4      | Killed a phantom
  2670 | D:4      | Reached skill level 1 in Dodging
  2670 | D:4      | Reached XP level 6. HP: 10/40 MP: 6/6
  2715 | D:4      | Got a warped buckler
  2726 | D:4      | Identified the +0 buckler of Pantheism {+Inv rF+ Regen+ Str+2 Dex-5 SInv} (You found it on level 4 of the Dungeon)
  2887 | D:4      | Found a glowing drain.
  2916 | D:4      | Reached skill level 5 in Fighting
  2932 | Sewer    | Entered a sewer
  3612 | Sewer    | Reached skill level 5 in Shields
  3612 | Sewer    | Reached XP level 7. HP: 41/44 MP: 7/7
  4447 | D:3      | Reached skill level 1 in Throwing
  4949 | D:4      | Found a shattered altar of Ashenzari.
  5144 | D:4      | Noticed Edmund
  5200 | D:4      | Killed Edmund
  5200 | D:4      | Reached skill level 5 in Armour
  5200 | D:4      | Reached skill level 6 in Shields
  5200 | D:4      | Reached XP level 8. HP: 28/51 MP: 8/8
  5420 | D:5      | Entered Level 5 of the Dungeon
  5460 | D:5      | Found a stormy altar of Qazlal.
  5463 | D:5      | Found a deep blue altar of Sif Muna.
  5987 | D:5      | Found a staircase to the Ecumenical Temple.
  5997 | Temple   | Entered the Ecumenical Temple
  6146 | D:5      | Killed from afar by an orc priest

Action                   |  1- 3 |  4- 6 |  7- 9 || total
-------------------------+-------+-------+-------++-------
Melee: Flail             |    90 |   400 |   365 ||   855
Throw: Stone             |    16 |    22 |    18 ||    56
       Tomahawk          |       |     1 |     7 ||     8
       Javelin           |       |       |     2 ||     2
Evoke: Wand              |       |     3 |     5 ||     8
  Use: Scroll            |     4 |     2 |     1 ||     7
       Potion            |     1 |     2 |     4 ||     7
  Eat: Chunk             |     1 |     8 |     8 ||    17
       Fruit             |       |     1 |     1 ||     2
